Map: 16-Bit LE

Players

Benfu

  • Race: Zerg Zerg
  • League: Diamond
  • Spawn Location: 7:00

Maclman - Winner!

  • Race: Protoss Protoss
  • League: Diamond
  • Spawn Location: 1:00

VOD

Have the link to the VOD?

Description

Time

  • Played on: May 16, 2018, 10:24 p.m.
  • Length: 22:13
Show
View Real Time Build Order
Export as new Build Order

Benfu Zerg 

Build Orders: Hatch First 

Get SALT Encoding   

  12  0:01  Drone  
  13  0:12  Overlord  
  13  0:20  Drone  
  14  0:32  Drone x2  
  16  0:38  Drone  
  17  0:54  Hatchery  
  17  0:57  Drone  
  17  1:00  Drone  
  18  1:10  Extractor  
  17  1:16  Spawning Pool  
  16  1:24  Drone x2  
  18  1:35  Drone  
  19  2:15  Queen x2  
  19  2:16  Zergling x2  
  19  2:17  Zergling x6  
  27  2:30  Drone  
  27  2:34  Overlord  
  28  2:41  Metabolic Boost  
  28  2:56  Drone x5  
  33  3:08  Overlord  
  33  3:15  Drone x2  
  35  3:27  Drone x4  
  35  3:28  Drone x4  
  35  3:34  Overlord  
  43  3:39  Overlord  
  43  3:48  Spore Crawler  
  42  3:50  Lair, Spore Crawler  
  42  3:53  Drone x2  
  43  3:59  Drone  
  43  4:00  Drone, Roach Warren  
  43  4:10  Queen  
  43  4:13  Drone  
  43  4:15  Drone x5  
  51  4:20  Extractor  
  51  4:22  Extractor  
  49  4:37  Hatchery  
  48  4:42  Drone  
  48  4:43  Drone x2  
  48  4:44  Overlord x2  
  48  4:45  Drone  
  52  4:46  Drone, Pneumatized Carapace  
  52  4:47  Drone  
  54  4:57  Glial Reconstitution  
  54  5:15  Drone x8  
  54  5:18  Drone  
  63  5:25  Queen  
  63  5:26  Overlord  
  65  5:30  Drone x3  
  68  5:42  Overseer  
  68  5:49  Queen  
  70  5:54  Drone x8  
  70  5:55  Spore Crawler  
  77  6:02  Hydralisk Den  
  76  6:09  Overlord x3  
  76  6:14  Extractor  
  76  6:15  Extractor  
  76  6:17  Extractor  
  73  6:38  Drone x3  
  73  6:39  Overlord  
  76  6:40  Overlord x2  
  76  6:48  Drone x3, Hatchery  
  76  6:49  Drone x3  
  81  7:12  Evolution Chamber  
  80  7:20  Hydralisk, Grooved Spines  
  80  7:21  Hydralisk x13  
  108  7:32  Hydralisk x7  
  108  7:34  Overlord  
  122  7:41  Zerg Missile Weapons Level 1  
  122  7:53  Hydralisk x4  
  122  7:56  Overlord x2  
  122  7:57  Overlord x3  
  130  8:09  Overlord x3  
  130  8:14  Queen x4  
  138  8:31  Muscular Augments  
  138  8:33  Hydralisk x2  
  138  8:34  Hydralisk x13  
  140  8:40  Hatchery  
  167  9:00  Spire  
  166  9:05  Roach  
  166  9:06  Roach x12  
  192  9:15  Overlord x3  
  192  9:33  Overseer x3  
  192  9:42  Drone x8  
  200  10:14  Extractor  
  200  10:19  Extractor  
  198  10:21  Spore Crawler  
  198  10:22  Spore Crawler  
  198  10:24  Zerg Missile Weapons Level 2, Spore Crawler  
  198  10:25  Spore Crawler  
  194  10:30  Infestation Pit  
  141  11:10  Hydralisk  
  141  11:11  Hydralisk x19  
  121  11:12  Hydralisk x6  
  121  11:13  Hydralisk x4  
  173  11:34  Overlord x4  
  168  11:49  Hydralisk x11  
  168  11:53  Overlord x2  
  146  12:20  Evolution Chamber  
  146  12:21  Hive  
  145  12:29  Hydralisk  
  145  12:30  Hydralisk x13  
  173  12:39  Drone x7  
  180  12:50  Spore Crawler  
  179  12:51  Drone x3, Spore Crawler  
  179  12:52  Spore Crawler  
  179  12:54  Drone x2  
  179  12:55  Spore Crawler  
  181  12:59  Drone x2  
  183  13:11  Spore Crawler  
  182  13:24  Spore Crawler  
  182  13:25  Spore Crawler  
  182  13:26  Spore Crawler x2  
  178  13:40  Ultralisk Cavern  
  177  14:11  Zerg Missile Weapons Level 3, Zerg Ground Armor Level 1  
  177  14:15  Hatchery  
  176  14:28  Chitinous Plating  
  176  14:31  Ultralisk x4  
  200  14:32  Hatchery  
  199  14:47  Overseer x5  
  199  15:06  Overlord x2  
  199  15:07  Overlord x2  
  173  15:56  Ultralisk x2  
  173  15:57  Ultralisk x3  
  173  16:12  Overseer  
  173  16:13  Overseer x6  
  173  16:15  Hydralisk  
  173  16:16  Hydralisk x12  
  193  16:50  Hydralisk x7  
  193  16:51  Hydralisk  
  165  17:08  Hydralisk x5  
  159  17:12  Overlord x6  
  159  17:13  Overlord  
  169  17:38  Extractor  
  169  17:39  Extractor  
  167  17:51  Hydralisk  
  167  17:52  Hydralisk x15  
  199  17:59  Overseer  
  199  18:01  Overseer x2  
  199  18:05  Overseer x3  
  185  18:44  Spore Crawler x2  
  185  18:47  Spore Crawler x2  
  181  19:00  Overseer  
  181  19:02  Spore Crawler  
  180  19:04  Ultralisk x3  
  180  19:09  Zerg Ground Armor Level 2  
  190  19:23  Corruptor x5  
  200  20:26  Extractor x2  
  155  20:55  Hydralisk x12  
  179  21:09  Overlord x2  
  179  21:10  Overlord x4  
  179  21:14  Overseer x5  
  139  21:38  Hydralisk x16  
  117  21:50  Overseer x3  
Show
View Real Time Build Order
Export as new Build Order

Maclman Protoss - Winner!

Build Orders: Cannon Rush 

Get SALT Encoding   

  12  0:01  Probe  
  13  0:18  Probe, Pylon  
  14  0:26  Probe  
  15  0:39  Forge  
  15  0:40  Probe  
  16  0:52  Probe  
  17  1:04  Probe  
  18  1:12  Pylon  
  18  1:16  Probe  
  19  1:20  Gateway  
  19  1:28  Probe  
  20  1:34  Assimilator  
  20  1:39  Photon Cannon  
  20  1:46  Photon Cannon  
  20  1:54  Photon Cannon  
  20  2:03  Photon Cannon  
  20  2:06  Probe  
  20  2:11  Assimilator  
  20  2:21  Probe  
  21  2:26  Cybernetics Core  
  21  2:33  Probe  
  22  2:44  Nexus  
  22  2:55  Probe  
  22  2:57  Photon Cannon  
  22  3:04  Pylon  
  23  3:22  Probe  
  23  3:24  Photon Cannon  
  24  3:29  Photon Cannon  
  24  3:30  Probe  
  25  3:38  Probe  
  26  3:49  Pylon  
  26  3:50  Probe  
  27  4:00  Stargate  
  27  4:02  Probe x2  
  29  4:14  Probe x2  
  29  4:16  Pylon  
  33  4:19  Sentry  
  33  4:25  Shield Battery  
  33  4:29  Probe x2, Stargate  
  34  4:35  Assimilator  
  34  4:37  Probe x2  
  35  4:45  Assimilator, Probe x2  
  39  4:57  Probe x2  
  41  5:02  Photon Cannon  
  41  5:09  Probe  
  41  5:10  Probe  
  43  5:19  Fleet Beacon  
  43  5:21  Probe  
  43  5:22  Probe  
  45  5:43  Photon Cannon  
  45  5:53  Pylon  
  45  5:54  Probe x2  
  47  6:04  Void Ray x2  
  47  6:06  Probe  
  47  6:09  Graviton Catapult  
  47  6:10  Stargate  
  47  6:11  Protoss Air Weapons Level 1  
  56  6:21  Pylon  
  56  6:39  Pylon  
  56  6:47  Carrier x2  
  68  6:59  Carrier  
  74  7:19  Probe x2  
  76  7:27  Nexus  
  76  7:30  Pylon  
  76  7:31  Probe  
  76  7:32  Pylon  
  78  7:37  Probe  
  78  7:43  Probe  
  79  7:49  Probe  
  80  8:02  Carrier  
  76  8:11  Carrier  
  76  8:13  Photon Cannon  
  76  8:14  Photon Cannon  
  76  8:16  Photon Cannon  
  76  8:18  Shield Battery x2  
  76  8:19  Shield Battery  
  82  8:24  Pylon, Carrier  
  88  8:34  Gateway  
  88  8:36  Photon Cannon  
  94  8:42  Probe x2  
  96  8:59  Assimilator  
  96  9:00  Probe  
  96  9:01  Probe x2, Assimilator  
  99  9:13  Probe x3  
  102  9:18  Carrier  
  102  9:27  Carrier  
  114  9:44  Protoss Air Weapons Level 2  
  114  9:45  Carrier  
  114  9:49  Probe  
  121  10:06  Nexus  
  121  10:09  Pylon  
  121  10:13  Pylon  
  121  10:16  Pylon  
  121  10:20  Pylon  
  121  10:35  Photon Cannon  
  121  10:44  Carrier  
  121  10:47  Photon Cannon x2  
  127  10:50  Photon Cannon  
  127  10:52  Photon Cannon  
  127  10:54  Photon Cannon  
  127  10:55  Photon Cannon  
  127  10:57  Shield Battery  
  127  11:01  Shield Battery x2  
  121  11:08  Carrier  
  121  11:11  Carrier  
  131  11:20  Shield Battery  
  131  11:22  Pylon  
  131  11:24  Shield Battery  
  131  11:28  Probe x4  
  131  12:07  Probe x2  
  127  12:12  Shield Battery  
  127  12:14  Shield Battery  
  127  12:15  Shield Battery  
  127  12:16  Shield Battery  
  127  12:19  Carrier  
  133  12:25  Stargate  
  133  12:28  Pylon  
  133  12:30  Stargate  
  133  12:31  Pylon  
  133  12:37  Carrier  
  133  12:40  Mothership  
  147  13:07  Protoss Air Armor Level 1  
  147  13:09  Pylon  
  147  13:15  Probe  
  147  13:16  Probe x2  
  150  13:23  Carrier x3  
  168  13:33  Probe x3  
  171  13:35  Assimilator  
  171  13:38  Assimilator  
  171  13:45  Probe  
  171  13:46  Probe x2  
  174  13:50  Shield Battery  
  174  13:55  Photon Cannon  
  174  13:59  Pylon  
  174  14:00  Pylon  
  174  14:03  Photon Cannon  
  174  14:15  Carrier x2  
  186  14:25  Protoss Shields Level 1  
  186  14:31  Twilight Council  
  186  14:40  Robotics Facility  
  186  15:19  Stargate  
  186  15:20  Stargate  
  186  15:25  Carrier  
  186  15:26  Carrier  
  198  16:15  Probe x2  
  200  16:29  Photon Cannon  
  200  16:30  Photon Cannon  
  200  16:38  Photon Cannon  
  200  16:40  Photon Cannon  
  200  16:41  Photon Cannon  
  200  16:43  Photon Cannon  
  200  16:45  Pylon  
  200  17:18  Nexus  
  200  17:21  Pylon  
  200  17:22  Pylon  
  200  17:23  Pylon  
  200  17:26  Protoss Air Weapons Level 3  
  200  17:27  Pylon  
  200  17:46  Pylon  
  200  17:49  Protoss Shields Level 2  
  200  17:58  Pylon  
  200  18:02  Pylon  
  200  18:04  Photon Cannon  
  200  18:05  Photon Cannon x2  
  200  18:07  Photon Cannon  
  200  18:09  Photon Cannon  
  200  18:13  Photon Cannon  
  200  18:15  Photon Cannon  
  200  18:16  Shield Battery  
  200  18:19  Shield Battery  
  200  18:34  Photon Cannon x2  
  200  18:36  Photon Cannon  
  198  18:43  Photon Cannon x2  
  190  18:49  Photon Cannon  
  190  18:51  Photon Cannon  
  190  18:55  Probe x5  
  192  18:57  Assimilator  
  192  18:59  Assimilator  
  192  19:01  Pylon  
  192  19:06  Shield Battery  
  192  19:13  Shield Battery  
  192  19:14  Shield Battery  
  192  19:26  Photon Cannon  
  192  19:28  Pylon  
  192  19:34  Gateway x2  
  192  19:38  Gateway  
  192  19:40  Gateway  
  192  19:43  Gateway  
  192  19:45  Gateway  
  192  19:48  Gateway  
  192  19:57  Probe  
  192  19:58  Probe  
  194  20:06  Observer  
  195  20:16  Pylon  
  195  20:19  Photon Cannon  
  195  20:20  Photon Cannon  
  195  20:21  Shield Battery  
  195  20:26  Photon Cannon x2  
  195  20:28  Observer, Shield Battery  
  196  20:32  Shield Battery  
  196  20:34  Shield Battery  
  196  21:56  Nexus  
  196  21:58  Pylon  
  196  22:00  Pylon  
  196  22:02  Pylon  
Tags
 
Add a new tag
Caveats
  • Supply blocks, unpowered buildings, or Contaminate may cause inaccurate times.
  • Supply counts are checked every 10 seconds.